 Dungeon Crawl Stone Soup version 0.22-a0-3-g4fa69d9 (webtiles) character file.

224 Raptoricus the Chopper (level 5, 0/42 HPs)
             Began as a Demonspawn Chaos Knight on Jan 1, 2018.
             Slain by a gnoll
             ... wielding a +0 club
              (5 damage)
             ... on level 2 of the Dungeon.
             The game lasted 00:06:26 (1984 turns).

Raptoricus the Chopper (Demonspawn Chaos Knight)    Turns: 1984, Time: 00:06:28

Health: 0/42       AC:  8    Str: 13    XL:     5   Next: 67%
Magic:  5/5        EV: 12    Int: 14    God:    Xom [..*...]
Gold:   53         SH:  0    Dex: 12    Spells: 4/4 levels left

rFire    . . .     SeeInvis .   a - +0 hand axe (chaos)
rCold    . . .     Gourm    .   (no shield)
rNeg     . . .     Faith    .   e - +2 leather armour
rPois    .         Spirit   .   g - +0 helmet
rElec    .         Reflect  .   (no cloak)
rCorr    .         Harm     .   (no gloves)
MR       .....                  (no boots)
Stlth    +.........             (no amulet)
HPRegen  0.14/turn              (no ring)
MPRegen  0.09/turn              (no ring)

@: no status effects
A: hooves 1, slimy green scales 1, wild magic 3
a: Renounce Religion


You were on level 2 of the Dungeon.
You worshipped Xom.
You were a toy of Xom.
You were not hungry.

You visited 1 branch of the dungeon, and saw 2 of its levels.

You collected 53 gold pieces.

Inventory:

Hand Weapons
 a - a +0 hand axe of chaos (weapon)
 b - a +0 hunting sling
Missiles
 h - 55 stones (quivered)
Armour
 d - a +0 ring mail
 e - a +2 leather armour (worn)
 g - a +0 helmet (worn)
 l - a +0 chain mail
Jewellery
 f - a +2 ring of strength {unknown}
Scrolls
 i - a scroll of fear
Comestibles
 c - 5 rations
 k - a chunk of flesh


   Skills:
 + Level 3.9 Fighting
 * Level 4.6 Axes
 - Level 0.6(0.8) Slings
 + Level 0.6(0.9) Throwing
 + Level 2.2 Armour
 + Level 1.8 Dodging


You had 4 spell levels left.
You didn't know any spells.

Dungeon Overview and Level Annotations

Branches:
Dungeon (2/15)

Altars:


Innate Abilities, Weirdness & Mutations

You have large cloven feet.
You are partially covered in slimy green scales. (AC +2)
Your spells are much harder to cast, but much more powerful.


Message History

You hit the gnoll but do no damage.
The gnoll seems to slow down.
You kick the gnoll.
The gnoll is moderately wounded.
Your leather armour prevents you from hitting the gnoll.
The gnoll closely misses you.
The gnoll hits you with a spear of piercing.
You barely miss the gnoll. You kick the gnoll, but do no damage.
You hit the gnoll but do no damage. The gnoll hits you but does no damage.
The gnoll misses you.
You barely miss the gnoll. You hit the gnoll but do no damage.
The gnoll hits you but does no damage.
You barely miss the gnoll. x2; The gnoll hits you with a club.
The gnoll hits you with a spear of piercing!
You closely miss the gnoll. You kick the gnoll.
The gnoll is lightly wounded.
You barely miss the gnoll.
The gnoll hits you with a spear of piercing!
* * * LOW HITPOINT WARNING * * *
x2 The gnoll hits you with a club.
You die...

...).....#.....# #.)..#
.###.###.......# #....#
.#.....#.......# #....#
.#.....#...#.### ###.##
.........#.#.# #.# .#...>.#)..#.#
#.# .#.....#.....# #######.###
.###.###.....# #.........#
.........#.#.# #@##.####.# ###
###.#..........gg##.####.######.#
###........#.....##.##.........#.
...###.#.#.####.###.....[.....###
##.# #.#....[##.# #.##...###.## #
#.# #.# #.#.##. #......###..###
##.####. ...... #.##....##.#.#.
......## #...## #.###...##.##.#
....#.# #...#####.###...##.####


You could see 2 gnolls.

Vanquished Creatures
  A black bear (shapeshifter) (D:2)
  A jelly (D:2)
  A gnoll (D:2)
  4 adders (D:2)
  An ooze (D:2)
  A worm (D:2)
  A dart slug (D:2)
  A leopard gecko (D:1)
  A giant cockroach (D:2)
  4 goblins
  5 hobgoblins
  10 jackals (D:1)
  5 kobolds
  A quokka (D:2)
  10 bats
  6 frilled lizards
  3 rats (D:1)
56 creatures vanquished.

Notes
Turn   | Place    | Note
-------+----------+-------------------------------------------
     0 | D:1      | Raptoricus the Demonspawn Chaos Knight began the quest for the Orb.
     0 | D:1      | Reached XP level 1. HP: 18/18 MP: 1/1
   182 | D:1      | Reached skill level 3 in Axes
   182 | D:1      | Reached skill level 1 in Dodging
   222 | D:1      | Gained mutation: You have large cloven feet. [demonic ancestry]
   222 | D:1      | Reached XP level 2. HP: 22/24 MP: 2/2
   598 | D:1      | XOM: divination: detect creatures
   995 | D:1      | Gained mutation: You are partially covered in slimy green scales. (AC +2) [demonic ancestry]
   995 | D:1      | Reached XP level 3. HP: 28/29 MP: 3/3
  1353 | D:2      | XOM: smoke on damage
  1376 | D:2      | Noticed an acid dragon
  1376 | D:2      | a worm changed into an acid dragon
  1376 | D:2      | Noticed a black bear
  1376 | D:2      | an acid dragon changed into a black bear
  1379 | D:2      | XOM: cast spell 'Summon Small Mammal'
  1385 | D:2      | Killed a black bear
  1385 | D:2      | Reached skill level 4 in Axes
  1385 | D:2      | Reached XP level 4. HP: 30/37 MP: 4/4
  1430 | D:2      | XOM: harmless Fire miscast
  1491 | D:2      | Reached XP level 5. HP: 41/42 MP: 5/5
  1540 | D:2      | Gained mutation: Your spells are a little harder to cast, but a little more powerful. [potion of mutation]
  1540 | D:2      | Gained mutation: Your spells are harder to cast, but more powerful. [potion of mutation]
  1540 | D:2      | Gained mutation: Your spells are much harder to cast, but much more powerful. [potion of mutation]
  1850 | D:2      | XOM: harmless Pois miscast
  1984 | D:2      | Slain by a gnoll

Vault maps used:
D:1:      tarquinn_simple_flora_water_d
D:2:      st_stairs_3

Skill      XL: |  1  2  3 |
---------------+----------+-----
Axes           | 3 4 |  4.6
Dodging        | 1 |  1.8
Armour         | 2 |  2.2
Fighting       | |  3.9
Slings         | |  0.6
Throwing       | |  0.6

Action                   |  1- 3 |  4- 6 || total
-------------------------+-------+-------++-------
Melee: Hand axe          |   122 |    64 ||   186
       Kick              |    20 |    14 ||    34
 Fire: Hunting sling     |       |     7 ||     7
Throw: Stone             |    22 |     5 ||    27
  Use: Scroll            |     4 |       ||     4
       Potion            |       |     3 ||     3
 Stab: Paralysed         |     1 |       ||     1
  Eat: Chunk             |     1 |     3 ||     4
Armor: Leather armour    |    56 |    31 ||    87
Dodge: Dodged            |    90 |    43 ||   133

Table legend:
 A = Spawn XP
 B = Non-spawn XP
 C = Spawn XP percentage of total XP
 D = Spawn monster count
 E = Non-spawn monster count
 F = Spawn count percentage of total count
 G = Total turns spent on level
                    A         B        C        D         E        F      G
               +---------+---------+-------+---------+---------+-------+---------
         Total |       0 |     320 |   0.0 |       0 |      56 |   0.0 |  1984
               +---------+---------+-------+---------+---------+-------+---------
           D:1 |       0 |      51 |   0.0 |       0 |      31 |   0.0 |  1321
           D:2 |       0 |     269 |   0.0 |       0 |      25 |   0.0 |   663
               +---------+---------+-------+---------+---------+-------+---------
